cohdb
Replays
Latest Replays
All Replays
Popular Replays
Top Player Replays
Match Explorer
How It Works
Community
CoH3 Stats
Reddit
Sign in to upload your games and track your stats! →
Sign in with Steam
Match 39515033
Unlisted
Match 39515033
Overview
Messages
Build Orders
End
Construct Infanterie Kompanie
MG 42 Machine Gun Team
Grenadier Squad
Grenadier Squad
Construct Panzergrenadier Kompanie
Medical Station
Pak 40 Anti-tank Gun Team
Selects Mechanized Battlegroup
Selects Spotting Scopes
Selects Wespe Self-propelled Artillery
Wespe Self-propelled Artillery
Construct Panzer Kompanie
Stoßtruppen Squad
Selects Raid Package
Stoßtruppen Squad
Stoßtruppen Squad
Panzer Officer Quarters
QAQ87
TianZe
sumikadaisuki
Ærfreija
Kanade
Bert1e
x gon give it to ya
猫凪紗
0
0
Comments
sign in to comment!
No comments posted yet!